3080 views
Uploaded 2020-02-10 05:47:42
Game version 1.32 / 1.32.1
20:48 long 4on4 ladder game on (8)Mur'gulOasis_LV
Saved by BaDitO2
3080 views
Uploaded 2020-02-10 05:47:42
Game version 1.32 / 1.32.1
20:48 long 4on4 ladder game on (8)Mur'gulOasis_LV


145 units @ 18.6k
/ 2.2k
60 buildings @ 9k
/ 3.6k

| Rod of Necromancy | 3 | 450 |
| Orb of Corruption | 1 | 375 |
| Potion of Mana | 2 | 400 |
| total: | 6 | 1225g |
| Acolyte | 10 | 750 | / | 0 |
| Ghoul | 16 | 1920 | / | 0 |
| Obsidian Statue | 1 | 200 | / | 35 |
| Frost Wyrm | 2 | 770 | / | 240 |
| Gargoyle | 5 | 875 | / | 150 |
| total: | 34 | 4515g | / | 425w |
| Crypt | 3 | 600 | / | 150 |
| Ziggurat | 7 | 1050 | / | 350 |
| Altar of Darkness | 1 | 180 | / | 50 |
| Tomb of Relics | 1 | 130 | / | 30 |
| Graveyard | 1 | 215 | / | 0 |
| Necropolis | 2 | 450 | / | 0 |
| Sacrificial Pit | 1 | 75 | / | 150 |
| Slaughterhouse | 1 | 140 | / | 135 |
| Boneyard | 4 | 700 | / | 800 |
| Halls of the Dead | 1 | 320 | / | 210 |
| Black Citadel | 1 | 325 | / | 230 |
| total: | 21 | 3540g | / | 1665w |
| 0:04 | Acolyte |
| 0:08 | Crypt |
| 0:10 | Crypt |
| 0:12 | Ziggurat |
| 0:18 | Acolyte |
| 0:33 | Altar of Darkness |
| 0:59 | Ziggurat |
| 1:11 | Ghoul |
| 1:26 | Crypt |
| 1:31 | Ghoul |
| 1:49 | Tomb of Relics |
| 1:51 | Ghoul |
| 2:10 | Ziggurat |
| 2:18 | Ghoul |
| 2:30 | Ghoul |
| 2:30 | Ghoul |
| 2:32 | Frost Nova |
| 2:42 | Ghoul |
| 2:42 | Ghoul |
| 2:57 | Rod of Necromancy |
| 3:24 | Ghoul |
| 3:42 | Ghoul |
| 3:42 | Ghoul |
| 4:02 | Dark Ritual |
| 4:17 | Halls of the Dead |
| 4:32 | Ghoul |
| 4:56 | Ghoul |
| 5:10 | Frost Nova |
| 5:20 | Ghoul |
| 5:49 | Ghoul |
| 6:05 | Ziggurat |
| 6:32 | Graveyard |
| 6:47 | Backpack |
| 7:08 | Black Citadel |
| 7:45 | Dark Ritual |
| 8:04 | Sacrificial Pit |
| 8:17 | Slaughterhouse |
| 8:18 | Ghoul |
| 9:22 | Ziggurat |
| 9:23 | Ziggurat |
| 9:54 | Boneyard |
| 9:56 | Boneyard |
| 9:58 | Boneyard |
| 10:01 | Boneyard |
| 10:15 | Frost Nova |
| 10:39 | Obsidian Statue |
| 10:50 | Ghoul Frenzy |
| 11:35 | Ziggurat |
| 11:37 | Frost Wyrm |
| 11:50 | Acolyte |
| 12:30 | Creature Attack |
| 12:40 | Orb of Corruption |
| 12:45 | Potion of Mana |
| 12:45 | Potion of Mana |
| 13:24 | Death and Decay |
| 13:28 | Necropolis |
| 13:42 | Rod of Necromancy |
| 14:46 | Frost Wyrm |
| 15:04 | Acolyte |
| 15:29 | Acolyte |
| 15:29 | Acolyte |
| 16:00 | Acolyte |
| 16:00 | Acolyte |
| 16:00 | Acolyte |
| 16:08 | Dark Ritual |
| 17:11 | Acolyte |
| 17:22 | Gargoyle |
| 17:23 | Gargoyle |
| 18:22 | Frost Armor |
| 18:36 | Rod of Necromancy |
| 18:56 | Necropolis |
| 18:58 | Gargoyle |
| 19:45 | Gargoyle |
| 20:12 | Gargoyle |
| 20:45 | Frost Armor |
| Right click | 2956 |
| Select | 630 |
| Select group | 380 |
| Misc. action | 219 |
| Chat | 198 |
| Build/train/purchase | 81 |
| Use ability | 48 |
| Assign group | 41 |
| Minimap ping | 16 |

| Scroll of Regeneration | 1 | 100 |
| Lesser Clarity Potion | 1 | 70 |
| total: | 2 | 170g |
| Peasant | 22 | 1650 | / | 0 |
| Footman | 4 | 540 | / | 0 |
| Rifleman | 20 | 4100 | / | 600 |
| Sorceress | 3 | 465 | / | 60 |
| total: | 49 | 6755g | / | 660w |
| Scout Tower | 2 | 60 | / | 40 |
| Arcane Tower | 1 | 70 | / | 50 |
| Altar of Kings | 1 | 180 | / | 50 |
| Farm | 11 | 880 | / | 220 |
| Barracks | 2 | 320 | / | 120 |
| Arcane Vault | 1 | 130 | / | 30 |
| Blacksmith | 1 | 140 | / | 60 |
| Arcane Sanctum | 1 | 150 | / | 140 |
| Keep | 1 | 320 | / | 210 |
| total: | 19 | 1860g | / | 660w |
| 0:03 | Peasant |
| 0:03 | Peasant |
| 0:08 | Altar of Kings |
| 0:18 | Farm |
| 0:28 | Barracks |
| 0:29 | Peasant |
| 0:45 | Peasant |
| 0:55 | Farm |
| 0:58 | Farm |
| 1:03 | Peasant |
| 1:25 | Peasant |
| 1:26 | Peasant |
| 1:33 | Footman |
| 1:46 | Arcane Vault |
| 1:57 | Footman |
| 2:08 | Farm |
| 2:13 | Summon Water Elemental |
| 2:32 | Blacksmith |
| 2:35 | Peasant |
| 2:40 | Footman |
| 3:05 | Farm |
| 3:26 | Barracks |
| 3:39 | Brilliance Aura |
| 3:51 | Farm |
| 4:01 | Rifleman |
| 4:05 | Black Gunpowder |
| 4:06 | Studded Leather Armor |
| 4:33 | Farm |
| 4:50 | Rifleman |
| 5:03 | Rifleman |
| 5:20 | Rifleman |
| 5:51 | Summon Water Elemental |
| 5:59 | Rifleman |
| 6:25 | Rifleman |
| 7:01 | Rifleman |
| 7:15 | Rifleman |
| 7:38 | Rifleman |
| 7:59 | Brilliance Aura |
| 8:08 | Rifleman |
| 8:32 | Rifleman |
| 8:50 | Rifleman |
| 9:23 | Keep |
| 9:39 | Farm |
| 11:05 | Rifleman |
| 11:09 | Farm |
| 11:56 | Rifleman |
| 12:10 | Refined Gunpowder |
| 12:16 | Long Rifles |
| 12:44 | Rifleman |
| 12:52 | Summon Water Elemental |
| 13:25 | Farm |
| 13:44 | Peasant |
| 13:44 | Peasant |
| 13:44 | Peasant |
| 13:57 | Peasant |
| 14:23 | Scout Tower |
| 14:59 | Rifleman |
| 15:00 | Rifleman |
| 15:06 | Arcane Sanctum |
| 15:45 | Rifleman |
| 15:46 | Rifleman |
| 15:49 | Peasant |
| 15:49 | Peasant |
| 15:49 | Peasant |
| 16:14 | Mass Teleport |
| 16:18 | Peasant |
| 16:47 | Scroll of Regeneration |
| 16:58 | Lesser Clarity Potion |
| 17:15 | Peasant |
| 17:15 | Peasant |
| 17:49 | Peasant |
| 17:49 | Peasant |
| 18:13 | Farm |
| 18:19 | Brilliance Aura |
| 18:33 | Sorceress |
| 18:53 | Scout Tower |
| 18:54 | Peasant |
| 18:55 | Peasant |
| 19:10 | Sorceress |
| 19:29 | Arcane Tower |
| 19:33 | Sorceress |
| 20:18 | Rifleman |
| 20:21 | Footman |
| Right click | 1256 |
| Select | 267 |
| Select group | 211 |
| Build/train/purchase | 129 |
| Assign group | 51 |
| Misc. action | 16 |
| Chat | 14 |
| Resource trade | 12 |
| Use ability | 11 |
| Esc | 7 |
| Minimap ping | 1 |

| Wisp | 7 | 420 | / | 0 |
| Archer | 4 | 520 | / | 40 |
| total: | 11 | 940g | / | 40w |
| Altar of Elders | 1 | 180 | / | 50 |
| Moon Well | 2 | 360 | / | 80 |
| Ancient of War | 1 | 150 | / | 60 |
| Hunter's Hall | 1 | 210 | / | 100 |
| Tree of Ages | 2 | 640 | / | 360 |
| total: | 5 | 900g | / | 290w |
| 0:10 | Altar of Elders |
| 0:13 | Moon Well |
| 0:17 | Wisp |
| 0:17 | Wisp |
| 0:52 | Wisp |
| 1:02 | Ancient of War |
| 1:10 | Wisp |
| 1:10 | Wisp |
| 1:11 | Wisp |
| 1:13 | Wisp |
| 1:56 | Moon Well |
| 2:06 | Archer |
| 2:06 | Archer |
| 2:14 | Immolation |
| 2:40 | Hunter's Hall |
| 3:03 | Archer |
| 3:35 | Tree of Ages |
| 3:42 | Archer |
| Right click | 194 |
| Select | 66 |
| Build/train/purchase | 22 |
| Select group | 14 |
| Chat | 12 |
| Assign group | 4 |
| Use ability | 3 |
| Minimap ping | 1 |


| Wisp | 12 | 720 | / | 0 |
| Archer | 26 | 3380 | / | 260 |
| Glaive Thrower | 6 | 1260 | / | 390 |
| Dryad | 7 | 1015 | / | 420 |
| total: | 51 | 6375g | / | 1070w |
| Ancient Protector | 1 | 135 | / | 80 |
| Altar of Elders | 1 | 180 | / | 50 |
| Moon Well | 7 | 1260 | / | 280 |
| Ancient of War | 3 | 450 | / | 180 |
| Hunter's Hall | 1 | 210 | / | 100 |
| Tree of Life | 1 | 340 | / | 185 |
| Ancient of Lore | 1 | 155 | / | 145 |
| Tree of Ages | 1 | 320 | / | 180 |
| Tree of Eternity | 1 | 330 | / | 200 |
| total: | 15 | 2730g | / | 1020w |
| 0:04 | Altar of Elders |
| 0:05 | Wisp |
| 0:13 | Wisp |
| 0:21 | Moon Well |
| 0:28 | Wisp |
| 0:35 | Ancient of War |
| 0:41 | Wisp |
| 0:56 | Wisp |
| 1:15 | Wisp |
| 1:20 | Wisp |
| 1:32 | Moon Well |
| 1:37 | Archer |
| 1:42 | Archer |
| 2:11 | Entangling Roots |
| 2:25 | Archer |
| 2:31 | Archer |
| 2:41 | Archer |
| 2:45 | Hunter's Hall |
| 3:11 | Archer |
| 3:18 | Thorns Aura |
| 3:33 | Moon Well |
| 3:51 | Strength of the Moon |
| 3:54 | Wisp |
| 4:00 | Ancient Protector |
| 4:47 | Archer |
| 4:48 | Tree of Ages |
| 4:51 | Ancient of War |
| 4:57 | Archer |
| 5:57 | Archer |
| 5:57 | Archer |
| 6:34 | Glaive Thrower |
| 6:35 | Glaive Thrower |
| 6:38 | Moon Well |
| 7:04 | Glaive Thrower |
| 7:30 | Entangling Roots |
| 8:22 | Glaive Thrower |
| 8:53 | Vorpal Blades |
| 8:59 | Archer |
| 9:43 | Trueshot Aura |
| 10:28 | Archer |
| 10:29 | Improved Bows |
| 10:31 | Improved Strength of the Moon |
| 10:37 | Archer |
| 12:05 | Moon Armor |
| 12:09 | Archer |
| 12:09 | Archer |
| 12:28 | Ancient of Lore |
| 13:10 | Archer |
| 13:10 | Archer |
| 13:24 | Ancient of War |
| 13:25 | Wisp |
| 13:25 | Wisp |
| 13:26 | Wisp |
| 13:28 | Wisp |
| 13:31 | Archer |
| 13:45 | Dryad |
| 13:45 | Dryad |
| 15:01 | Archer |
| 15:04 | Archer |
| 15:05 | Dryad |
| 15:05 | Dryad |
| 16:18 | Scout |
| 16:37 | Abolish Magic |
| 16:38 | Dryad |
| 16:43 | Moon Well |
| 16:45 | Moon Well |
| 16:47 | Moon Well |
| 16:49 | Thorns Aura |
| 17:17 | Dryad |
| 17:21 | Sentinel |
| 17:21 | Moon Glaive |
| 17:21 | Archer |
| 17:22 | Archer |
| 17:22 | Archer |
| 17:26 | Archer |
| 17:38 | Trueshot Aura |
| 18:37 | Tree of Life |
| 18:59 | Archer |
| 18:59 | Archer |
| 19:04 | Dryad |
| 19:15 | Glaive Thrower |
| 19:20 | Glaive Thrower |
| 19:54 | Tree of Eternity |
| 20:45 | Entangling Roots |
| Right click | 457 |
| Select | 235 |
| Select group | 188 |
| Build/train/purchase | 72 |
| Misc. action | 67 |
| Assign group | 35 |
| Chat | 28 |
| Use ability | 18 |
| Remove unit | 7 |
| Minimap ping | 1 |
110 units @ 17.3k
/ 1.9k
55 buildings @ 8.4k
/ 3.5k


| Scroll of Town Portal | 1 | 350 |
| total: | 1 | 350g |
| Wisp | 12 | 720 | / | 0 |
| Archer | 10 | 1300 | / | 100 |
| Chimaera | 4 | 1320 | / | 280 |
| Hippogryph | 3 | 480 | / | 60 |
| total: | 29 | 3820g | / | 440w |
| Altar of Elders | 1 | 180 | / | 50 |
| Moon Well | 5 | 900 | / | 200 |
| Ancient of War | 1 | 150 | / | 60 |
| Hunter's Hall | 1 | 210 | / | 100 |
| Ancient of Wind | 2 | 300 | / | 280 |
| Chimaera Roost | 2 | 280 | / | 380 |
| Tree of Ages | 1 | 320 | / | 180 |
| Tree of Eternity | 1 | 330 | / | 200 |
| total: | 12 | 2020g | / | 1070w |
| 0:02 | Wisp |
| 0:02 | Wisp |
| 0:02 | Wisp |
| 0:24 | Altar of Elders |
| 0:30 | Moon Well |
| 0:35 | Wisp |
| 0:40 | Wisp |
| 1:01 | Ancient of War |
| 1:11 | Wisp |
| 1:11 | Wisp |
| 1:24 | Moon Well |
| 1:36 | Wisp |
| 1:36 | Wisp |
| 2:02 | Archer |
| 2:08 | Moon Well |
| 2:18 | Archer |
| 2:29 | Archer |
| 2:43 | Archer |
| 3:04 | Archer |
| 3:16 | Tree of Ages |
| 3:27 | Force of Nature |
| 3:43 | Archer |
| 3:45 | Archer |
| 5:19 | Entangling Roots |
| 5:51 | Archer |
| 5:51 | Archer |
| 5:51 | Archer |
| 5:53 | Tree of Eternity |
| 5:56 | Hunter's Hall |
| 5:58 | Ancient of Wind |
| 6:02 | Moon Well |
| 8:15 | Chimaera Roost |
| 8:18 | Chimaera Roost |
| 8:25 | Moon Well |
| 8:34 | Trueshot Aura |
| 9:09 | Force of Nature |
| 9:30 | Strength of the Wild |
| 9:31 | Well Spring |
| 9:32 | Reinforced Hides |
| 9:33 | Wisp |
| 9:33 | Wisp |
| 9:33 | Wisp |
| 9:38 | Chimaera |
| 9:59 | Searing Arrows |
| 11:19 | Corrosive Breath |
| 11:19 | Chimaera |
| 11:19 | Chimaera |
| 11:25 | Scroll of Town Portal |
| 12:05 | Improved Strength of the Wild |
| 12:05 | Improved Reinforced Hides |
| 12:56 | Entangling Roots |
| 13:08 | Trueshot Aura |
| 13:31 | Hippogryph |
| 13:31 | Hippogryph |
| 13:32 | Hippogryph |
| 15:08 | Chimaera |
| 15:14 | Ancient of Wind |
| Right click | 776 |
| Select | 273 |
| Build/train/purchase | 59 |
| Use ability | 26 |
| Resource trade | 20 |
| Assign group | 3 |
| Select group | 2 |
| Item give/drop | 1 |


| Rod of Necromancy | 1 | 150 |
| Sacrificial Skull | 1 | 50 |
| Dust of Appearance | 1 | 75 |
| Scroll of Town Portal | 1 | 350 |
| Staff of Teleportation | 1 | 150 |
| Boots of Speed | 1 | 250 |
| total: | 6 | 1025g |
| Acolyte | 3 | 225 | / | 0 |
| Ghoul | 9 | 1080 | / | 0 |
| Frost Wyrm | 5 | 1925 | / | 600 |
| Gargoyle | 8 | 1400 | / | 240 |
| total: | 25 | 4630g | / | 840w |
| Spirit Tower | 5 | 725 | / | 200 |
| Crypt | 2 | 400 | / | 100 |
| Ziggurat | 11 | 1650 | / | 550 |
| Altar of Darkness | 2 | 360 | / | 100 |
| Tomb of Relics | 1 | 130 | / | 30 |
| Graveyard | 1 | 215 | / | 0 |
| Sacrificial Pit | 1 | 75 | / | 150 |
| Boneyard | 3 | 525 | / | 600 |
| Halls of the Dead | 1 | 320 | / | 210 |
| Black Citadel | 1 | 325 | / | 230 |
| total: | 21 | 3355g | / | 1530w |
| 0:04 | Acolyte |
| 0:04 | Acolyte |
| 0:12 | Crypt |
| 0:16 | Ziggurat |
| 0:37 | Altar of Darkness |
| 1:26 | Ziggurat |
| 1:29 | Tomb of Relics |
| 1:34 | Ghoul |
| 1:34 | Ghoul |
| 1:43 | Acolyte |
| 1:49 | Ghoul |
| 2:34 | Ghoul |
| 2:41 | Ghoul |
| 2:43 | Pocket Factory |
| 3:04 | Graveyard |
| 3:06 | Rod of Necromancy |
| 3:06 | Sacrificial Skull |
| 3:06 | Dust of Appearance |
| 3:25 | Ghoul |
| 4:37 | Halls of the Dead |
| 4:38 | Ghoul |
| 4:38 | Ghoul |
| 4:38 | Ghoul |
| 4:41 | Ziggurat |
| 6:34 | Ziggurat |
| 6:35 | Ziggurat |
| 6:57 | Black Citadel |
| 7:09 | Sacrificial Pit |
| 7:13 | Engineering Upgrade |
| 8:20 | Spirit Tower |
| 8:21 | Spirit Tower |
| 8:22 | Spirit Tower |
| 8:25 | Ziggurat |
| 8:48 | Death Coil |
| 9:27 | Boneyard |
| 9:30 | Boneyard |
| 9:32 | Boneyard |
| 9:47 | Spirit Tower |
| 9:49 | Spirit Tower |
| 10:28 | Ziggurat |
| 10:30 | Ziggurat |
| 10:52 | Frost Wyrm |
| 10:53 | Creature Attack |
| 11:56 | Ziggurat |
| 12:02 | Altar of Darkness |
| 12:03 | Frost Wyrm |
| 12:23 | Staff of Teleportation |
| 12:39 | Boots of Speed |
| 13:17 | Frost Wyrm |
| 14:08 | Unholy Aura |
| 14:09 | Scroll of Town Portal |
| 14:47 | Creature Carapace |
| 15:59 | Pocket Factory |
| 17:16 | Gargoyle |
| 17:16 | Gargoyle |
| 17:16 | Gargoyle |
| 17:17 | Gargoyle |
| 17:18 | Frost Wyrm |
| 17:20 | Gargoyle |
| 17:59 | Gargoyle |
| 18:01 | Crypt |
| 18:04 | Improved Creature Attack |
| 18:16 | Frost Wyrm |
| 19:08 | Gargoyle |
| 19:08 | Gargoyle |
| 20:00 | Death Coil |
| 20:12 | Ziggurat |
| 20:16 | Ziggurat |
| 20:34 | Engineering Upgrade |
| Right click | 1287 |
| Select | 302 |
| Select group | 121 |
| Build/train/purchase | 63 |
| Chat | 36 |
| Use ability | 20 |
| Assign group | 17 |
| Misc. action | 15 |
| Esc | 4 |
| Minimap ping | 2 |


| Scroll of Regeneration | 1 | 100 |
| Lesser Clarity Potion | 3 | 210 |
| Staff of Sanctuary | 1 | 250 |
| Scroll of Town Portal | 2 | 700 |
| total: | 7 | 1260g |
| Peasant | 6 | 450 | / | 0 |
| Footman | 13 | 1755 | / | 0 |
| Sorceress | 3 | 465 | / | 60 |
| Knight | 6 | 1470 | / | 360 |
| Priest | 4 | 540 | / | 40 |
| Dragonhawk Rider | 4 | 800 | / | 120 |
| Rifleman | 1 | 205 | / | 30 |
| total: | 37 | 5685g | / | 610w |
| Altar of Kings | 1 | 180 | / | 50 |
| Barracks | 1 | 160 | / | 60 |
| Farm | 6 | 480 | / | 120 |
| Arcane Vault | 1 | 130 | / | 30 |
| Blacksmith | 1 | 140 | / | 60 |
| Lumber Mill | 1 | 120 | / | 0 |
| Arcane Sanctum | 1 | 150 | / | 140 |
| Gryphon Aviary | 1 | 140 | / | 150 |
| Keep | 1 | 320 | / | 210 |
| Castle | 1 | 360 | / | 210 |
| total: | 13 | 1500g | / | 610w |
| 0:02 | Peasant |
| 0:02 | Peasant |
| 0:12 | Altar of Kings |
| 0:15 | Barracks |
| 0:23 | Farm |
| 0:25 | Peasant |
| 0:42 | Peasant |
| 0:44 | Farm |
| 1:04 | Peasant |
| 1:22 | Footman |
| 1:30 | Peasant |
| 1:33 | Arcane Vault |
| 1:41 | Footman |
| 1:50 | Farm |
| 2:04 | Footman |
| 2:17 | Footman |
| 2:30 | Summon Water Elemental |
| 2:31 | Footman |
| 2:45 | Farm |
| 2:54 | Footman |
| 3:03 | Defend |
| 3:07 | Footman |
| 3:40 | Keep |
| 4:50 | Footman |
| 4:58 | Farm |
| 5:03 | Blacksmith |
| 6:01 | Arcane Sanctum |
| 6:04 | Scroll of Regeneration |
| 6:04 | Lesser Clarity Potion |
| 6:08 | Footman |
| 6:43 | Lumber Mill |
| 6:47 | Brilliance Aura |
| 7:00 | Lesser Clarity Potion |
| 7:01 | Lesser Clarity Potion |
| 7:06 | Footman |
| 7:35 | Sorceress |
| 7:59 | Footman |
| 8:02 | Iron Plating |
| 8:02 | Steel Plating |
| 8:21 | Castle |
| 8:45 | Sorceress |
| 8:52 | Holy Light |
| 8:57 | Footman |
| 9:23 | Scroll of Town Portal |
| 9:41 | Footman |
| 10:28 | Priest Adept Training |
| 11:00 | Knight |
| 11:02 | Priest |
| 11:05 | Animal War Training |
| 12:29 | Knight |
| 12:30 | Priest Master Training |
| 13:08 | Gryphon Aviary |
| 13:42 | Mithril Plating |
| 13:50 | Knight |
| 13:53 | Priest |
| 13:57 | Farm |
| 14:01 | Summon Water Elemental |
| 14:28 | Dragonhawk Rider |
| 14:29 | Dragonhawk Rider |
| 15:13 | Devotion Aura |
| 15:18 | Knight |
| 15:24 | Priest |
| 15:34 | Scroll of Town Portal |
| 15:36 | Staff of Sanctuary |
| 16:33 | Knight |
| 16:34 | Priest |
| 16:35 | Dragonhawk Rider |
| 16:58 | Brilliance Aura |
| 17:37 | Knight |
| 17:39 | Dragonhawk Rider |
| 17:41 | Rifleman |
| 17:43 | Sorceress |
| Right click | 882 |
| Select | 313 |
| Select group | 187 |
| Build/train/purchase | 99 |
| Assign group | 88 |
| Misc. action | 51 |
| Use ability | 19 |
| Minimap ping | 1 |

| Healing Salve | 1 | 100 |
| Lesser Clarity Potion | 2 | 140 |
| Scroll of Town Portal | 1 | 350 |
| Scroll of Regeneration | 1 | 100 |
| total: | 5 | 690g |
| Peon | 5 | 375 | / | 0 |
| Grunt | 14 | 2800 | / | 0 |
| total: | 19 | 3175g | / | 0w |
| Altar of Storms | 1 | 180 | / | 50 |
| Orc Burrow | 5 | 800 | / | 200 |
| Barracks | 1 | 180 | / | 50 |
| Voodoo Lounge | 1 | 130 | / | 30 |
| War Mill | 1 | 205 | / | 0 |
| total: | 9 | 1495g | / | 330w |
| 0:03 | Altar of Storms |
| 0:13 | Orc Burrow |
| 0:16 | Barracks |
| 0:24 | Peon |
| 1:22 | Orc Burrow |
| 1:27 | Grunt |
| 1:27 | Grunt |
| 1:47 | Grunt |
| 1:48 | Grunt |
| 2:05 | Peon |
| 2:05 | Peon |
| 2:10 | Serpent Ward |
| 2:26 | Grunt |
| 2:44 | Grunt |
| 3:02 | Grunt |
| 3:02 | Grunt |
| 3:22 | Voodoo Lounge |
| 3:33 | Pillage |
| 3:44 | Grunt |
| 5:01 | Orc Burrow |
| 5:02 | Orc Burrow |
| 5:03 | Orc Burrow |
| 5:05 | Peon |
| 5:05 | Peon |
| 5:07 | Grunt |
| 5:07 | Grunt |
| 5:10 | Healing Wave |
| 6:08 | Grunt |
| 6:08 | Grunt |
| 6:09 | Grunt |
| 6:28 | War Mill |
| 6:50 | Healing Salve |
| 6:51 | Lesser Clarity Potion |
| 8:07 | Serpent Ward |
| 9:21 | Scroll of Town Portal |
| 9:24 | Scroll of Regeneration |
| 9:32 | Lesser Clarity Potion |
| 13:11 | Healing Wave |
| Right click | 469 |
| Select | 151 |
| Resource trade | 53 |
| Build/train/purchase | 36 |
| Use ability | 26 |
| Select group | 21 |
| Misc. action | 20 |
| Chat | 17 |
| Assign group | 14 |
| Minimap ping | 2 |
⇛